 Dungeon Crawl Stone Soup version 0.30-a0-948-g4fa250aae5 (webtiles) character file.

Game seed: 1469108304516968386

28143 voltaire321 the Tainter (level 13, -4/90 HPs)
             Began as an Octopode Venom Mage on Mar 26, 2023.
             Was an Elder of the Shining One.
             Slain by a catoblepas (6 damage)
             ... while petrified by a catoblepas
             ... on level 4 of the Lair of Beasts.
             The game lasted 00:40:14 (12017 turns).

voltaire321 the Tainter (Octopode Venom Mage)      Turns: 12017, Time: 00:40:15

Health: -4/90      AC:  7    Str: 12    XL:     13   Next: 36%
Magic:  20/22      EV:  2    Int: 27    God:    the Shining One [****..]
Gold:   106        SH:  0    Dex: 12    Spells: 19/24 levels left

rFire   . . .      SeeInvis .    p - +10 zealot's sword {holy, Zealotry, *Rage rN+ EV+3}
rCold   + . .      Faith    .    m - +3 buckler
rNeg    + + +      Spirit   .    L - +2 hat
rPois   ∞          Reflect  .    r - amulet of regeneration
rElec   .          Rampage  .    l - ring of protection from cold
rCorr   .          Rage     20%  u - +6 ring of intelligence
Will    .....                    I - ring "Odaig" {+Blink AC+4 Str+3}
Stlth   +                        s - ring of poison resistance
HPRegen 1.15/turn                (no ring)
MPRegen 0.18/turn                (no ring)
                                 (no ring)
                                 (no ring)

@: petrified, glowing
A: almost no armour, amphibious, 8 rings, camouflage 1, gelatinous body 1,
(nimble swimmer 1), tentacles
a: Renounce Religion, Evoke Blink, Divine Shield, Cleansing Flame


You were on level 4 of the Lair of Beasts.
You worshipped the Shining One.
The Shining One was greatly pleased with you.
You visited 3 branches of the dungeon, and saw 16 of its levels.
You also visited: Ossuary.

You collected 1174 gold pieces.
You spent 1068 gold pieces at shops.

Inventory:

Hand Weapons
 i - a +1 spectral rapier
 p - the +10 zealot's sword (weapon) {holy, Zealotry, *Rage rN+ EV+3}
   (You found it on level 2 of the Dungeon)

   Zealotry:  Whenever the wielder enters a berserk rage, their allies are
   berserked alongside them.
   EV:        It affects your evasion (+3).
   rN:        It protects you from negative energy.
   *Rage:     It berserks you when you make melee attacks (+20% chance).
Armour
 m - a +3 buckler (worn)
 L - a +2 hat (worn)
Magical Staves
 f - a staff of earth
Jewellery
 l - a ring of protection from cold (left tentacle)
 q - a ring of fire
 r - an amulet of regeneration (around mantle)
 s - a ring of poison resistance (on tentacle)
 u - a +6 ring of intelligence (right tentacle)
 I - the ring "Odaig" (on tentacle) {+Blink AC+4 Str+3}
   (You bought it in a shop on level 9 of the Dungeon)

   [ring of protection]

   AC:        It affects your AC (+4).
   Str:       It affects your strength (+3).
   +Blink:    It lets you blink.
Wands
 o - a wand of polymorph (9)
 t - a wand of light (11)
 y - a wand of flame (30)
 E - a wand of charming (31)
 F - a wand of iceblast (12)
 J - a wand of mindburst (25)
Scrolls
 c - 2 scrolls of blinking
 d - 5 scrolls of teleportation
 e - 4 scrolls of amnesia
 v - 5 scrolls of poison
 x - 8 scrolls of magic mapping
 D - 2 scrolls of fog
 H - a scroll of brand weapon
 M - a scroll of enchant armour
 N - a scroll of identify
Potions
 a - a potion of magic
 b - 3 potions of flight
 g - 7 potions of haste
 h - 9 potions of curing
 j - 3 potions of heal wounds
 k - 2 potions of ambrosia
 n - a potion of resistance
 w - 5 potions of mutation
 z - a potion of berserk rage
 A - 3 potions of cancellation
 B - 3 potions of lignification
 C - 6 potions of brilliance
 G - 3 potions of might {unknown}
 K - a potion of attraction {unknown}
Miscellaneous
 O - a lightning rod (4/4)


   Skills:
 + Level 9.3 Fighting
 + Level 9.2 Long Blades
 + Level 9.5 Dodging
 - Level 2.6 Stealth
 - Level 7.0 Shields
 - Level 6.0 Spellcasting
 - Level 3.0 Transmutations
 - Level 10.0 Poison Magic
 + Level 9.6 Invocations
 - Level 5.0 Evocations


You had 19 spell levels left.
You knew the following spells:

 Your Spells              Type           Power      Damage    Failure   Level
a - Sting                 Tmut/Pois      100%       1d8       1%          1
b - Olgreb's Toxic Radia  Pois           58%        N/A       1%          4

Your spell library contained the following spells:

 Spells                   Type           Power      Damage    Failure   Level
 Poisonous Vapours        Pois/Air       70%        N/A       1%          2
 Mephitic Cloud           Conj/Pois/Air  26%        N/A       6%          3
 Ozocubu's Armour         Ice            8%         N/A       24%         3
 Leda's Liquefaction      Hex/Erth       4%         N/A       63%         4
 Yara's Violent Unravell  Hex/Tmut       8%         3d5       77%         5
 Lee's Rapid Deconstruct  Erth           4%         3d5*      92%         5
 Statue Form              Tmut/Erth      10%        N/A       100%        6
 Enfeeble                 Hex            4%         N/A       100%        7
 Ozocubu's Refrigeration  Ice            4%         4d8       100%        7


Dungeon Overview and Level Annotations

Branches:
Dungeon (11/15)            Temple (1/1) D:4            Lair (4/5) D:11
 Shoals (0/4) Lair:3       Spider (0/4) Lair:2          Orc (0/2) D:11
Ossuary (visited)
  Slime: Lair:4-5

Altars:
Ashenzari
Cheibriados
Dithmenos
Elyvilon
Fedhas
Gozag
Hepliaklqana
Kikubaaqudgha
Makhleb
Nemelex Xobeh
Okawaru
Qazlal
Ru
Sif Muna
Trog
Uskayaw
Vehumet
Wu Jian
Xom
Yredelemnul
Zin
The Shining One

Shops:
D:9 =


Innate Abilities, Weirdness & Mutations

You cannot wear most types of armour.
You are amphibious.
You can wear up to eight rings at the same time.
Your skin changes colour to match your surroundings (Stealth+).
Your rubbery body absorbs attacks. (AC +1, EV +1)
((You are camouflaged when in or above water. (Stealth+)))
You have tentacles for arms and can constrict up to eight enemies at once.


Message History

The water moccasin is engulfed in calcifying dust.
The catoblepas gores you!!
The water moccasin is engulfed in calcifying dust.
The bullfrog hits you but does no damage.
The catoblepas gores you!
* * * LOW HITPOINT WARNING * * *
The bullfrog hits you.
* * * LOW HITPOINT WARNING * * *
The basilisk is no longer petrified.
The bullfrog hits you but does no damage.
The catoblepas gores you!
* * * LOW HITPOINT WARNING * * *
You recover from your berserk rage.
The bullfrog looks more healthy.
The bullfrog hits you but does no damage.
The catoblepas breathes a plume of calcifying dust at you.
The blast of calcifying dust hits you.
* * * LOW HITPOINT WARNING * * *
The bullfrog hits you.
You are engulfed in calcifying dust.
The bullfrog hits you but does no damage.
The catoblepas gores you!
* * * LOW HITPOINT WARNING * * *
You are engulfed in calcifying dust.
The bullfrog hits you.
* * * LOW HITPOINT WARNING * * *
The basilisk bites you!
* * * LOW HITPOINT WARNING * * *
The catoblepas breathes a plume of calcifying dust at you.
The blast of calcifying dust hits you but does no damage.
The bullfrog hits you but does no damage.
You are engulfed in calcifying dust.
The basilisk looks more healthy.
The bullfrog hits you but does no damage.
The basilisk gazes at you.
The catoblepas breathes a plume of calcifying dust at you.
The blast of calcifying dust hits you.
* * * LOW HITPOINT WARNING * * *
You are engulfed in calcifying dust.
The bullfrog hits you. The Shining One protects you from harm!
The catoblepas gores you!
You die...

#######.....
#..P##P.....
#########..........
##....#.#..P#.##....
.####..........####.....
................# #....#
.#.###.........## ####.#
##.lS.P.### #..#
#@Y....# ##..
#....F....# #.#
##........P# #..
#.P#.#...## ## ##P
.......#...# #...#P
.....P>##..... .......
....#... .?... ###.PP.
......... ...... ####.
#P


You could see a catoblepas (poisoned), a basilisk, a water moccasin (petrified)
and a bullfrog.

Vanquished Creatures
  Gastronok (Lair:1)
  A centaur warrior (D:10)
  A hydra (Lair:3)
  A boulder beetle (Lair:2)
  A two-headed ogre (D:11)
  Urug (Lair:1)
  A lindwurm (Lair:2)
  A cyclops (D:11)
  7 elephants (Lair:2)
  3 black mambas
  7 cane toads
  5 komodo dragons
  A kobold demonologist (D:7)
  3 rime drakes
  Psyche (D:8)
  2 trolls (D:11)
  4 blink frogs (Lair:1)
  A hornet (D:8)
  Grinder (D:3)
  A snapping turtle (Lair:3)
  A culicivora (Lair:2)
  27 yaks
  2 shadows (D:10)
  A basilisk (Lair:4)
  3 wyverns
  2 redbacks (Lair:2)
  2 steam dragons
  4 vampire mosquitoes (D:10)
  Menkaure (D:4)
  An acid dragon (D:10)
  11 water moccasins
  13 orc warriors
  2 black bears
  A sky beast (D:7)
  2 ice beasts
  3 ogres
  11 wolves
  4 centaurs
  3 phantoms
  3 kobold brigands
  9 bullfrogs
  5 scorpions
  3 gnoll sergeants (D:11)
  3 wights (D:7)
  8 killer bees
  5 howler monkeys
  2 jellies
  4 orc priests
  A hound (D:6)
  3 iguanas
  17 orc wizards
  2 sleepcaps (D:6)
  9 mummies
  Robin (D:3)
  9 gnolls
  6 adders
  4 river rats (D:5)
  A white imp (D:6)
  5 dart slugs
  50 orcs
  4 bats
  21 endoplasms
  A giant cockroach (D:4)
  16 goblins
  11 hobgoblins
  3 jackals (D:4)
  7 quokkas
  6 ball pythons
  4 frilled lizards
  5 hobgoblin zombies (Ossuary)
  19 kobolds
  3 kobold zombies
  2 orc zombies (Ossuary)
  3 rats
393 creatures vanquished.

Vanquished Creatures (others)
  15 fungi
  18 plants
  6 toadstools (D:2)
39 creatures vanquished.

Grand Total: 432 creatures vanquished

Notes
Turn   | Place    | Note
-------+----------+-------------------------------------------
     0 | D:1      | voltaire321 the Octopode Venom Mage began the quest for the
                  | Orb.
     0 | D:1      | Reached XP level 1. HP: 11/11 MP: 3/3
   140 | D:1      | Reached XP level 2. HP: 18/18 MP: 3/5
   177 | D:1      | Found a faded altar of an unknown god.
   342 | D:1      | You fall into a shaft and drop 1 floor!
   510 | D:1      | Reached XP level 3. HP: 22/22 MP: 4/6
   544 | D:1      | Reached skill level 1 in Fighting
   642 | D:1      | Reached skill level 4 in Poison Magic
   979 | D:2      | Found the +10 zealot's sword {holy, Zealotry, *Rage rN+
                  | EV+3}
  1091 | D:2      | Reached XP level 4. HP: 28/28 MP: 7/7
  1346 | D:2      | Reached skill level 1 in Long Blades
  1489 | D:2      | Reached skill level 1 in Shields
  1489 | D:2      | Reached XP level 5. HP: 33/33 MP: 8/8
  1541 | D:2      | Found a shimmering altar of Xom.
  1622 | D:2      | Learned a level 4 spell: Olgreb's Toxic Radiance
  1722 | D:3      | Noticed Robin
  1738 | D:3      | Killed Robin
  1854 | D:3      | Noticed Grinder
  1862 | D:3      | Killed Grinder
  1863 | D:3      | Reached XP level 6. HP: 39/39 MP: 10/10
  1927 | D:3      | Reached XP level 7. HP: 45/45 MP: 9/11
  1934 | D:3      | Reached skill level 5 in Poison Magic
  2458 | D:4      | Noticed Menkaure
  2465 | D:4      | Killed Menkaure
  2485 | D:4      | Found a staircase to the Ecumenical Temple.
  2490 | Temple   | Entered the Ecumenical Temple
  2693 | Temple   | Became a worshipper of the Shining One
  3226 | D:5      | Entered Level 5 of the Dungeon
  3287 | D:5      | Identified the +0 pair of gloves of Fortitude {rCorr}
  3347 | D:5      | Found a sand-covered staircase.
  3351 | D:5      | Reached skill level 1 in Invocations
  3354 | Ossuary  | Entered an ossuary
  3360 | Ossuary  | Reached * piety under the Shining One
  3379 | Ossuary  | Reached XP level 8. HP: 47/52 MP: 13/13
  3390 | Ossuary  | Reached ** piety under the Shining One
  3615 | D:5      | Identified the +1 ring mail of Heresy {rF++ rC- SInv}
  4073 | D:6      | Reached skill level 6 in Poison Magic
  4392 | D:6      | Reached XP level 9. HP: 58/58 MP: 15/15
  5220 | D:7      | Reached skill level 5 in Dodging
  5503 | D:7      | Noticed a kobold demonologist
  5503 | D:7      | Reached *** piety under the Shining One
  5504 | D:7      | Noticed a rust devil
  5518 | D:7      | Noticed a hellwing
  5518 | D:7      | Killed a kobold demonologist
  5519 | D:7      | Reached skill level 5 in Spellcasting
  5785 | D:7      | Reached skill level 7 in Poison Magic
  5878 | D:8      | Noticed Psyche
  5885 | D:8      | Killed Psyche
  5886 | D:8      | Reached skill level 5 in Fighting
  5886 | D:8      | Reached skill level 5 in Long Blades
  5886 | D:8      | Reached XP level 10. HP: 15/66 MP: 13/17
  6063 | D:8      | Reached skill level 5 in Shields
  6232 | D:8      | Found a snail-covered altar of Cheibriados.
  6636 | D:9      | Reached skill level 5 in Invocations
  6935 | D:9      | Identified the +1 scale mail "Soptella" {MP-9 Str+6 Int+3
                  | SInv}
  6950 | D:9      | Reached skill level 8 in Poison Magic
  7087 | D:9      | Found a sparkling altar of Nemelex Xobeh.
  7115 | D:9      | Found Pitonoyr's Jewellery Emporium.
  7124 | D:9      | Bought the ring "Odaig" {+Blink AC+4 Str+3} for 788 gold
                  | pieces
  7181 | D:9      | Found an ornate altar of the Wu Jian Council.
  7181 | D:9      | Found a shimmering altar of Xom.
  7183 | D:9      | Found a basalt altar of Yredelemnul.
  7183 | D:9      | Found a radiant altar of Vehumet.
  7183 | D:9      | Found a blossoming altar of Fedhas.
  7423 | D:10     | Entered Level 10 of the Dungeon
  7459 | D:10     | Reached skill level 1 in Evocations
  7460 | D:10     | Reached XP level 11. HP: 72/72 MP: 12/20
  7687 | D:10     | Noticed a centaur warrior
  7693 | D:10     | Killed a centaur warrior
  8328 | D:11     | Noticed a two-headed ogre
  8340 | D:11     | Killed a two-headed ogre
  8341 | D:11     | Reached skill level 9 in Poison Magic
  8651 | D:11     | Noticed a cyclops
  8672 | D:11     | Killed a cyclops
  8732 | D:11     | Found a staircase to the Lair.
  8973 | D:11     | Found a staircase to the Orcish Mines.
  8973 | D:11     | Reached **** piety under the Shining One
  9425 | Lair:1   | Entered Level 1 of the Lair of Beasts
  9458 | Lair:1   | Noticed Urug
  9477 | Lair:1   | Killed Urug
  9591 | Lair:1   | Reached XP level 12. HP: 81/81 MP: 16/21
  9756 | Lair:1   | Noticed Gastronok
  9769 | Lair:1   | Killed Gastronok
 10090 | Lair:2   | Reached skill level 10 in Poison Magic
 10176 | Lair:2   | Noticed a boulder beetle
 10186 | Lair:2   | Killed a boulder beetle
 10187 | Lair:2   | Reached skill level 5 in Evocations
 10533 | Lair:2   | HP: 4/84 [lindwurm/blast of flame (37)]
 10678 | Lair:2   | Found a hole to the Spider Nest.
 10693 | Lair:2   | Reached XP level 13. HP: 46/89 MP: 22/22
 11031 | D:9      | Bought a ring of poison resistance for 280 gold pieces
 11306 | Lair:3   | Found a staircase to the Shoals.
 12015 | Lair:4   | HP: 3/90 [basilisk (6)]
 12016 | Lair:4   | HP: 1/90 [catoblepas/blast of calcifying dust (3)]
 12017 | Lair:4   | The Shining One protects you from harm!
 12017 | Lair:4   | Slain by a catoblepas

Illustrated notes

Levels and vault maps discovered:
D:1:      tarquinn_simple_flora_water_e, layout_basic,
          shapermc_ecumenical_altar_notcrosses, chequers_arboretum
D:2:      cheibrodos_fertilizer, layout_loops_cross, basic_altar,
          chequers_serial_rivers_marsh
D:3:      layout_basic, uniq_grinder, uniq_robin
D:4:      layout_loops_ring, temple_doors_e, uniq_menkaure
D:5:      wad_woods_tower, layout_rooms, nicolae_ossuary_entry_giza,
          chequers_garden
D:6:      nicolae_cairo_tiling_large, layout_basic, columned_hall_lemuel
D:7:      layout_loops_ring, serial_co_window_serial, co_window_paths_a,
          co_window_paths_a, co_window_paths_a, co_window_corner_a,
          co_window_corner_a, co_window_corner_b, co_window_cross_2,
          co_window_corner_b, co_window_of_opportunity_c, co_window_broadway_a,
          co_window_4corner_a, co_window_paths_e, roderic_roman_lattice,
          kennysheep_generic_room_8
D:8:      layout_rooms, cheibriados_altar_1, hangedman_decor_peaks_small,
          mrwooster_statue_mirror, uniq_psyche
D:9:      layout_basic, doesnt_xom_only_xom, serial_shops,
          nicolae_lakefront_shop
D:10:     layout_stronghold
D:11:     layout_layer_cave, grunt_lair_entry_orc_guard_hut,
          kennysheep_orc_monster_closet_entryway, serial_rivers,
          chequers_serial_rivers_micro_e, chequers_serial_rivers_small_a,
          chequers_serial_rivers_room_a, chequers_serial_rivers_micro_d
Temple:   nicolae_temple_slightly_damp_pantheon
Lair:1:   layout_long_grid, uniq_urug, uniq_gastronok
Lair:2:   layout_cave_shapes, spider_nest_entry_funnel_web, beast_lair_carwin_3,
          grunt_megastairs_3
Lair:3:   layout_roguey, minmay_shoals_entry_hut, chequers_serial_rivers_micro_a
Lair:4:   dreamdust_cave_troll, layout_loops_ring

Skill      XL: |  1  2  3  4  5  6  7  8  9 10 11 12 13 |
---------------+----------------------------------------+-----
Fighting       | 1 2 3 4 5 6 7 8 9 |  9.3
Poison Magic   | 4 5 6 7 8 9 10 | 10.0
Long Blades    | 1 2 3 5 7 8 9 |  9.2
Shields        | 1 2 3 4 5 6 7 |  7.0
Transmutations | 2 3 |  3.0
Dodging        | 3 4 5 6 7 8 9 |  9.5
Spellcasting   | 3 4 5 6 |  6.0
Invocations    | 1 2 4 5 7 8 9 |  9.6
Evocations     | 1 4 5 |  5.0
Stealth        | |  2.6

Action                     |  1- 3 |  4- 6 |  7- 9 | 10-12 | 13-15 || total
---------------------------+-------+-------+-------+-------+-------++-------
  Melee: Tentacles         |    11 |     4 |    39 |    60 |    26 ||   140
         Unarmed           |     3 |       |       |       |       ||     3
         Staff             |    16 |       |       |       |       ||    16
         Constrict         |     9 |    11 |    50 |    38 |    14 ||   122
         Eudemon blade     |    14 |    67 |   196 |   264 |    74 ||   615
         Hand axe          |     7 |       |       |       |       ||     7
         Punch             |       |       |     4 |     9 |       ||    13
   Cast: Sting             |    31 |     7 |     2 |    15 |     3 ||    58
         Olgreb's Toxic Ra |       |       |     1 |    28 |     5 ||    34
Ability: Evoke Blink       |       |       |       |       |     1 ||     1
  Evoke: Wand              |       |       |       |       |     5 ||     5
    Use: Scroll            |       |       |    12 |    15 |       ||    27
         Potion            |       |       |       |     2 |       ||     2
   Stab: Sleeping          |     2 |     5 |     4 |       |       ||    11
 Armour: Skin              |     4 |     7 |     6 |    27 |    13 ||    57
  Dodge: Dodged            |    18 |    48 |   106 |   160 |    38 ||   370
  Block: Buckler           |     2 |     9 |    40 |    88 |    22 ||   161

Table legend: (Time is in decaauts)
 A = Elapsed time spent in this place.
 B = Non-inter-level travel time spent in this place.
 C = Inter-level travel time spent in this place.
 D = Time resting spent in this place.
 E = Time spent auto-exploring this place.
 F = Levels seen in this place.
 G = Mean time per level.
                   A        B        C        D        E       F      G
               +--------+--------+--------+--------+--------+-----+--------+
         Total |  12705 |  12183 |    522 |    708 |   8257 |  17 |  747.4 |
       Dungeon |   9678 |   9225 |    453 |    427 |   6526 |  11 |  879.8 |
        Temple |    264 |    264 |      0 |      0 |    173 |   1 |  264.0 |
          Lair |   2564 |   2495 |     69 |    281 |   1499 |   4 |  641.0 |
       Ossuary |    199 |    199 |      0 |      0 |     58 |   1 |  199.0 |
               +--------+--------+--------+--------+--------+-----+--------+

Top non-repeatable levels by time:
     D:7: 1325 daAuts
    D:11: 1185 daAuts
     D:9: 1139 daAuts
    D:10: 997 daAuts
     D:1: 952 daAuts
  Lair:2: 937 daAuts
     D:2: 824 daAuts
     D:6: 753 daAuts
     D:3: 732 daAuts
     D:4: 668 daAuts
  Lair:3: 661 daAuts
  Lair:1: 655 daAuts
     D:8: 602 daAuts
     D:5: 496 daAuts
  Lair:4: 310 daAuts
